AoeStats
← waLLefps.

Arabia

503603536Analyzed
1v1 RM · 1mo ago on Sep 1, 2026· 47m 26s· 2 players
Game mode
Random Map
Map size
Tiny (2 player)
Population
200
Speed
Normal
Resources
Standard
Victory
Conquest
Starting age
Dark Age
Ending age
Imperial Age
RankedLock teamsTeams togetherTeam positionsShared explorationLock speedFull tech treeHidden civsTurbo modeCheats
Victory
Defeat
🇹🇼 Wei · Taiwan
1449
+15
🇹🇷 Dravidians · Türkiye
1420
-15
waLLefps.
6:54 Loom
6:59 Loom
9:23 Feudal Age
10:32 Double-Bit Axe
12:07 Horse Collar
19:44 Castle Age
18:31 Fletching
18:42 Padded Archer Armor
19:09 Gold Mining
20:51 Bow Saw
20:43 Heavy Plow
20:56 Bodkin Arrow
20:55 Elite Skirmisher
22:18 Leather Archer Armor
25:41 Ballistics
28:05 Wheelbarrow
29:07 Town Watch
29:44 Stone Mining
30:52 Hand Cart
33:59 Imperial Age
32:39 Thumb Ring
33:18 Husbandry
35:00 Bracer
36:06 Chemistry
35:45 Elite Elephant Archer
37:21 Ring Archer Armor
39:11 Medical Corps
46:46 Conscription
47:07 Wootz Steel
47:08 Conscription
AAcO
5:53 Loom
8:47 Feudal Age
9:18 Double-Bit Axe
9:13 Horse Collar
17:46 Castle Age
16:16 Fletching
16:41 Gold Mining
17:44 Bloodlines
18:31 Bodkin Arrow
19:27 Husbandry
20:57 Padded Archer Armor
24:21 Scale Barding Armor
27:38 Bow Saw
27:39 Town Watch
28:52 Wheelbarrow
30:52 Hand Cart
34:31 Imperial Age
32:46 Forging
33:23 Chain Barding Armor
33:00 Stone Mining
34:10 Leather Archer Armor
35:13 Iron Casting
34:06 Elite Skirmisher
35:34 Conscription
34:39 Elite Tiger Cavalry
36:33 Masonry
43:35 Chemistry
42:38 Bracer
43:40 Ring Archer Armor
45:45 Blast Furnace
45:27 Tuntian
45:57 Ming Guang Armor
46:11 Gold Shaft Mining
46:12 Stone Shaft Mining
46:08 Heavy Plow
Connection lost

Rejoining the realm…

Still unreachable

The connection could not be restored.

Session expired

The server has moved on; the page needs a fresh start.